 Dungeon Crawl Stone Soup version 0.16-a0-3253-g5709529 (webtiles) character file.

1792 MrRokkomies the Destroyer (level 8, -3/73 HPs)
             Began as a Mottled Draconian Conjurer on Dec 23, 2014.
             Was an Initiate of Vehumet.
             Shot with an arrow by a centaur (11 damage)
             ... on level 6 of the Dungeon.
             The game lasted 00:33:38 (6648 turns).

MrRokkomies the Destroyer (DrCj)                    Turns: 6648, Time: 00:33:39

Health: -3/73      AC:  9    Str: 10    XL:     8   Next: 82%
Magic:  10/13      EV: 18    Int: 18    God:    Vehumet [......]
Gold:   227        SH:  0    Dex: 22    Spells: 4 memorised, 1 level left

rFire  . . .     SeeInvis +     a - +1 mace (crush)
rCold  . . .     Clarity  .     (armour unavailable)
rNeg   . . .     SustAb   .     (no shield)
rPois  +         Gourm    .     (helmet restricted)
rElec  .         Spirit   .     (no cloak)
rCorr  .         Warding  .     r - +2 pair of gloves (curse)
rMut   .         Stasis   .     (no boots)
MR     .....                    (no amulet)
Stlth  +++.......               e - ring of see invisible
                                d - +5 ring of dexterity

@: agile, not resistant to hostile enchantments, fairly stealthy
A: breathe sticky flames, unfitting armour, poison resistance, screaming 1,
cold-blooded, AC +6
a: Breathe Sticky Flame, Renounce Religion


You were on level 6 of the Dungeon.
You worshipped Vehumet.
Vehumet was noncommittal.
You were not hungry.

You visited 2 branches of the dungeon, and saw 7 of its levels.
You also visited: Ossuary.

You collected 227 gold pieces.

Inventory:

Hand weapons
 a - a +1 mace of crushing (weapon)
 k - a +0 dagger of holy wrath
 u - a +2 hand axe of electrocution
Missiles
 h - 8 poisoned needles
 q - 5 javelins (quivered)
Armour
 r - a cursed +2 pair of gloves (worn)
Jewellery
 d - a +5 ring of dexterity (left hand)
 e - a ring of see invisible (right hand)
 l - a cursed ring of fire
 n - a +5 ring of dexterity
Magical devices
 b - a wand of digging (0)
 t - a wand of magic darts (21)
 v - a wand of paralysis (13)
Scrolls
 o - a scroll of immolation
 s - 2 scrolls of remove curse
Potions
 g - 2 potions of restore abilities
 i - 2 potions of haste {unknown}
 j - a potion of brilliance
 m - a potion of curing
 p - 2 potions of might
 w - a potion of beneficial mutation {unknown}
 A - a potion of mutation
 D - a potion of poison {unknown}
 E - a potion of cure mutation {unknown}
Books
 c - a book of Conjurations

   Spells                             Type                      Level
   a - Magic Dart                     Conjuration                  1
   b - Searing Ray                    Conjuration                  2
   c - Dazzling Spray                 Conjuration/Hexes            3
   d - Fulminant Prism                Conjuration/Hexes            4
   e - Iskenderun's Mystic Blast      Conjuration                  4
   f - Iskenderun's Battlesphere      Conjuration/Charms           5
Miscellaneous
 y - an ornate deck of wonders
Comestibles
 f - a chunk of flesh
 B - a meat ration
 H - 2 bread rations


   Skills:
 + Level 7.2 Fighting
 - Level 1.7 Dodging
 - Level 1.7 Stealth
 - Level 2.0 Spellcasting
 * Level 10.1 Conjurations


You had one spell level left.
You knew the following spells:

 Your Spells              Type           Power        Failure   Level  Hunger
a - Magic Dart            Conj           ####         1%          1    #......
b - Searing Ray           Conj           #####.       1%          2    ###....
c - Dazzling Spray        Conj/Hex       ###.....     10%         3    ###....
d - Fulminant Prism       Conj/Hex       ###.......   24%         4    #####..


Dungeon Overview and Level Annotations

Branches:
Dungeon (6/15)             Temple (1/1) D:4

Altars:
Ashenzari
Cheibriados
Dithmenos
Elyvilon
Fedhas
Gozag
Kikubaaqudgha
Makhleb
Nemelex Xobeh
Okawaru
Qazlal
Ru
Sif Muna
Trog
Vehumet
Xom
Yredelemnul
Zin


Innate Abilities, Weirdness & Mutations

You can spit globs of burning liquid.
You can ignite nearby creatures when you spit burning liquid.
Your weird mottled scales are hard (AC +6).
Your body does not fit into most forms of armour.
Your cold-blooded metabolism reacts poorly to cold.
Your system is resistant to poisons.
You occasionally shout uncontrollably at your foes.


Message History

You see here an arrow.
The centaur shoots an arrow.
The arrow hits you!
* * * LOW HITPOINT WARNING * * *
Drink which item? (? for menu, Esc to quit)
You feel agile all of a sudden.
The centaur shoots an arrow.
The arrow hits you.
* * * LOW HITPOINT WARNING * * *
The centaur shoots an arrow.
The arrow hits you!
* * * LOW HITPOINT WARNING * * *
Casting: Searing Ray
Confirm with . or Enter, or press ? or * to list all spells.
Aiming: Dazzling Spray
Press: ? - help, Shift-Dir - straight line, f - centaur
Aim: a centaur, wielding a shortbow The spray of energy hits the centaur.
The centaur is heavily wounded.
The centaur is dazzled.
The centaur shoots an arrow.
The arrow completely misses you.
The centaur shoots an arrow.
The arrow hits you!
You die...

#.#
#.#
#.#
#(#
#(#
#(#
#(#
#(#
#@#
#.#
#.#
#c#
#F#
#.#
#.#
..#
...


You could see a giant frog and a centaur (blind).

Vanquished Creatures
  2 sky beasts
  2 phantoms (D:5)
  2 ogres
  A centaur (D:4)
  2 elf skeletons (D:4)
  A gnoll sergeant (D:5)
  A scorpion (D:4)
  A crimson imp (D:5)
  4 centaur zombies (Ossuary)
  2 orc priests (D:3)
  3 hounds
  A human zombie (D:4)
  A worker ant (D:4)
  2 iguanas
  Natasha (thrice) (D:4)
  4 orc wizards
  2 human skeletons (D:4)
  A killer bee zombie (D:5)
  A big kobold zombie (Ossuary)
  2 mummies (Ossuary)
  6 adders
  9 gnolls (D:5)
  A shadow imp (D:5)
  A giant mite (D:2)
  2 worms (D:2)
  3 adder zombies
  3 giant geckos
  3 oozes
  10 orcs
  2 giant cockroaches
  13 goblins
  7 hobgoblins
  12 kobolds
  2 quokkas
  2 ball python skeletons
  5 bats
  2 giant gecko skeletons
  5 giant newts
  10 hobgoblin zombies (Ossuary)
  A jackal zombie (Ossuary)
  12 kobold zombies (Ossuary)
  An orc skeleton (D:4)
  6 orc zombies (Ossuary)
  9 rats
  A rat zombie (Ossuary)
166 creatures vanquished.

Vanquished Creatures (others)
  An adder (D:4)
  A plant (D:1)
2 creatures vanquished.

Grand Total: 168 creatures vanquished

Notes
Turn   | Place    | Note
--------------------------------------------------------------
     0 | D:1      | MrRokkomies, the Draconian Conjurer, began the quest for the Orb.
     0 | D:1      | Reached XP level 1. HP: 14/14 MP: 3/3
   332 | D:1      | Reached skill level 1 in Fighting
   386 | D:1      | Reached XP level 2. HP: 14/23 MP: 0/4
   741 | D:1      | Learned a level 2 spell: Searing Ray
  1034 | D:2      | Reached XP level 3. HP: 29/29 MP: 1/6
  1362 | D:2      | Found a burning altar of Makhleb.
  1363 | D:2      | Found a shadowy altar of Dithmenos.
  1603 | D:2      | Reached skill level 5 in Conjurations
  1697 | D:3      | Reached XP level 4. HP: 35/37 MP: 7/7
  1860 | D:3      | Reached XP level 5. HP: 26/44 MP: 1/9
  2071 | D:3      | Reached skill level 6 in Conjurations
  2280 | D:3      | Learned a level 3 spell: Dazzling Spray
  2425 | D:4      | Found an ancient bone altar of Kikubaaqudgha.
  2513 | D:4      | Found a staircase to the Ecumenical Temple.
  2523 | Temple   | Entered the Ecumenical Temple
  2790 | D:4      | Reached XP level 6. HP: 48/52 MP: 10/10
  2848 | D:4      | Found a sand-covered staircase.
  2859 | Ossuary  | Entered an ossuary
  2929 | Ossuary  | Reached skill level 7 in Conjurations
  3384 | Ossuary  | Your scales start taking on a weird mottled pattern.
  3384 | Ossuary  | Reached XP level 7. HP: 49/60 MP: 7/12
  3597 | D:4      | Noticed an ogre
  3648 | D:4      | Reached skill level 5 in Fighting
  3749 | D:4      | Killed an ogre
  3749 | D:4      | Reached skill level 8 in Conjurations
  4026 | D:4      | Found a stormy altar of Qazlal.
  4363 | D:4      | Found a shattered altar of Ashenzari.
  4382 | D:4      | Noticed Natasha
  4386 | D:4      | Killed Natasha
  4437 | D:4      | Noticed Natasha
  4438 | D:4      | Killed Natasha
  4578 | D:4      | Noticed Natasha
  4582 | D:4      | Killed Natasha
  4637 | D:4      | Found a burning altar of Makhleb.
  4646 | D:4      | Reached XP level 8. HP: 70/70 MP: 11/13
  4752 | D:5      | Entered Level 5 of the Dungeon
  4937 | D:5      | Reached skill level 9 in Conjurations
  5367 | D:5      | Gained mutation: You have supernaturally acute eyesight. [potion of mutation]
  5367 | D:5      | Gained mutation: You occasionally shout uncontrollably at your foes. [potion of mutation]
  5367 | D:5      | Gained mutation: You are frail (-10% HP). [potion of mutation]
  5400 | D:5      | Lost mutation: You have supernaturally acute eyesight. [potion of mutation]
  5400 | D:5      | Gained mutation: Your system is resistant to poisons. [potion of mutation]
  5400 | D:5      | Lost mutation: You are frail (-10% HP). [potion of mutation]
  6009 | D:5      | Found a radiant altar of Vehumet.
  6075 | D:5      | Became a worshipper of Vehumet
  6491 | D:6      | Learned a level 4 spell: Fulminant Prism
  6562 | D:6      | Reached skill level 10 in Conjurations
  6648 | D:6      | Shot with an arrow by a centaur

Action                   |  1- 3 |  4- 6 |  7- 9 || total
-------------------------+-------+-------+-------++-------
Melee: Whip              |    15 |       |       ||    15
       Unarmed           |    14 |       |       ||    14
       Mace              |    78 |   153 |   240 ||   471
Throw: Javelin           |       |       |     5 ||     5
 Cast: Magic Dart        |    13 |    41 |    76 ||   130
       Searing Ray       |     2 |     5 |    11 ||    18
       Dazzling Spray    |       |       |     9 ||     9
 Abil: Breathe Sticky Fl |       |       |     1 ||     1
  Use: Scroll            |     7 |     4 |     5 ||    16
       Potion            |       |       |    12 ||    12
 Stab: Sleeping          |     1 |     5 |       ||     6
       Invisible         |       |       |     3 ||     3
  Eat: Chunk             |     2 |     3 |    10 ||    15
       Fruit             |       |     2 |     1 ||     3
       Pizza             |       |     1 |       ||     1
       Bread ration      |       |       |     1 ||     1
